 Dungeon Sprint DCSS version 0.31.0-32-g396128a36d (webtiles) character file.

Game seed: 3895432763259369152

76 Heoruswealwe the Poker (level 4, -14/44 HPs)
             Began as a Minotaur Fighter on Mar 9, 2024.
             Was an Initiate of Gozag.
             Demolished by a two-headed ogre
             ... wielding a +0 giant spiked club
              (18 damage)
             ... in the Dungeon (Sprint IX: "|||||||||||||||||||||||||||||").
             The game lasted 00:00:59 (135 turns).

Heoruswealwe the Poker (Minotaur Fighter)            Turns: 135, Time: 00:01:01

Health: -14/44     AC:  7    Str: 22    XL:     4   Next: 12%
Magic:  3/3        EV:  9    Int:  5    God:    Gozag
Gold:   0          SH:  0    Dex: 10    Spells: 3/3 levels left

rFire   . . .        b - +2 halberd of the Spinneret {freeze, Fly}
rCold   . . .        (shield currently unavailable)
rNeg    . . .        c - +0 scale mail
rPois   .            (helmet restricted)
rElec   .            (no cloak)
rCorr   .            (no gloves)
SInv    .            (no boots)
Will    .....        (no amulet) Stlth
                     (no ring)
HPRegen 0.27/turn    (no ring)
MPRegen 0.08/turn

%: no teleportation
@: flying
A: horns 2, retaliatory headbutt
a: Renounce Religion, Potion Petition, Call Merchant, Bribe Branch


You were in the Dungeon.
You worshipped Gozag.
Gozag was noncommittal.
You visited 1 branch

Inventory:

Hand Weapons
 a - a +0 trident
 b - the +2 halberd of the Spinneret (weapon) {freeze, Fly}
   (You found it in the Dungeon)

   Fly:       It grants you flight.
Armour
 c - a +0 scale mail (worn)
 d - a +0 buckler
Jewellery
 l - a +2 ring of evasion
 m - a +3 ring of intelligence
Wands
 h - a wand of roots (10)
Scrolls
 j - 2 scrolls of blinking
Potions
 e - 5 potions of curing
 f - 3 potions of heal wounds
 g - a potion of haste
 i - a potion of berserk rage
 k - a potion of might


   Skills:
 + Level 6.0 Fighting
 * Level 7.2 Polearms
 + Level 6.0 Armour
 - Level 3.6 Shields


You had 3 spell levels left.
You didn't know any spells.
Your spell library was empty.

Dungeon Overview and Level Annotations

Branches:
Dungeon (1/1)

Altars:
Cheibriados
Dithmenos
Elyvilon
Fedhas
Gozag
Hepliaklqana
Kikubaaqudgha
Makhleb
Nemelex Xobeh
Okawaru
Qazlal
Ru
Sif Muna
Trog
Uskayaw
Vehumet
Wu Jian
Xom
Yredelemnul
Zin
The Shining One
Jiyva
Lugonu


Innate Abilities, Weirdness & Mutations

You have a pair of horns on your head.
You reflexively headbutt those who attack you in melee.


Message History

Found a +3 ring of intelligence.
j - 2 scrolls of blinking (gained 1)
You see here 2 scrolls of amnesia.
h - a wand of roots (10)
Items here: )))))).
k - the +2 halberd of the Spinneret {freeze, Fly} Adjust (i)tems, (s)pells, or (a)bilities?
k - the +2 halberd of the Spinneret {freeze, Fly} Adjust to which letter? (? for menu, Esc to quit)
b - the +2 halberd of the Spinneret {freeze, Fly}
k - a potion of might You start removing your armour.
You continue taking off your +0 buckler. x4
You finish taking off your +0 buckler.
Unknown command.
You fly up into the air.
The +2 halberd of the Spinneret {freeze, Fly} glows with a cold blue light!
b - the +2 halberd of the Spinneret (weapon)
{freeze, Fly} You see here a +0 pair of gloves.
You see here a +0 pair of gloves.
You see here a +0 plate armour.
l - a +2 ring of evasion
m - a +3 ring of intelligence You reach down and open the door.
A two-headed ogre, a yak, 2 wraiths, a wyvern and a gnoll sergeant come into view.
The two-headed ogre shouts in stereo!
The yak bellows!
The wyvern hisses angrily.
The gnoll sergeant shouts!
There is an open door to the Dungeon here.
You puncture the two-headed ogre! You freeze the two-headed ogre.
The two-headed ogre is moderately wounded.
The two-headed ogre hits you with a +0 giant spiked club! x2
You hit the two-headed ogre. You freeze the two-headed ogre.
The two-headed ogre is moderately wounded.
You completely miss the two-headed ogre.
The two-headed ogre is moderately wounded.
The two-headed ogre hits you with a +0 giant spiked club!
* * * LOW HITPOINT WARNING * * *
The two-headed ogre hits you with a +0 giant spiked club!!
You die...
Your body crumbles into a pile of gold. ▓▓▓▓▓▓▓▓▓▓▓▓▓▓▓▓▓▓▓▓▓▓▓▓ ______'!?).[[[..@OWYWkg+ ▓▓▓▓▓▓▓▓▓▓▓▓▓▓▓▓▓▓▓▓▓▓▓▓

You could see a two-headed ogre, a yak, a wraith, a wyvern, a gnoll sergeant and a shadow.

Vanquished Creatures
  A hound (D)
  A sleepcap (D)
  An adder (D)
  An orc (D)
  A ball python (D)
  2 endoplasms (D)
  A giant cockroach (D)
  A hobgoblin (D)
  A quokka (D)
10 creatures vanquished.

Notes
Turn   | Place    | Note
-------+----------+-------------------------------------------
     0 | D        | Heoruswealwe the Minotaur Fighter began the quest for the
                  | Orb.
     0 | D        | Reached XP level 1. HP: 19/19 MP: 0/0
     6 | D        | Reached skill level 3 in Polearms
    19 | D        | Reached skill level 4 in Polearms
    51 | D        | Noticed a sleepcap
    51 | D        | Noticed a hound
    53 | D        | Reached XP level 2. HP: 28/28 MP: 1/1
    64 | D        | Reached skill level 5 in Fighting
    64 | D        | Reached skill level 5 in Polearms
    64 | D        | Reached skill level 5 in Armour
    64 | D        | Reached XP level 3. HP: 22/36 MP: 2/2
    69 | D        | Reached skill level 6 in Polearms
    73 | D        | Reached skill level 7 in Polearms
    73 | D        | Reached XP level 4. HP: 30/44 MP: 3/3
    80 | D        | Found a snail-covered altar of Cheibriados.
    80 | D        | Found a shadowy altar of Dithmenos.
    80 | D        | Found a white marble altar of Elyvilon.
    80 | D        | Found a blossoming altar of Fedhas.
    80 | D        | Found an opulent altar of Gozag.
    81 | D        | Found a hazy altar of Hepliaklqana.
    82 | D        | Found a viscous altar of Jiyva.
    83 | D        | Found an ancient bone altar of Kikubaaqudgha.
    84 | D        | Found a corrupted altar of Lugonu.
    85 | D        | Found a burning altar of Makhleb.
    86 | D        | Found a sparkling altar of Nemelex Xobeh.
    87 | D        | Found an iron altar of Okawaru.
    88 | D        | Became a worshipper of Gozag Ym Sagoz the Greedy
    89 | D        | Found a stormy altar of Qazlal.
    90 | D        | Found a sacrificial altar of Ru.
    91 | D        | Found a shimmering blue altar of Sif Muna.
    92 | D        | Found a bloodstained altar of Trog.
    93 | D        | Found a hide-covered altar of Uskayaw.
    94 | D        | Found a radiant altar of Vehumet.
    95 | D        | Found an ornate altar of the Wu Jian Council.
    96 | D        | Found a shimmering altar of Xom.
    97 | D        | Found a basalt altar of Yredelemnul.
    98 | D        | Found a glowing silver altar of Zin.
    99 | D        | Found a glowing golden altar of the Shining One.
   116 | D        | Got the +2 halberd of the Spinneret {freeze, Fly}
   131 | D        | Noticed a shadow
   131 | D        | Noticed a two-headed ogre
   131 | D        | Noticed a yak
   131 | D        | Noticed a wraith
   131 | D        | Noticed a wyvern
   131 | D        | Noticed a gnoll sergeant
   135 | D        | Demolished by a two-headed ogre

Illustrated notes

Levels and vault maps discovered:
D:        linesprint [early_d, line_temple, items_1, d_10, items_2, lair_1,
          lair_end, items_3, orc_1, orc_end, items_4, d_15, swamp_1, shoals_1,
          snake_1, spider_1, d_20, vaults_1, items_5, swamp_end, shoals_end,
          snake_end, spider_end, vaults_end, d_27, items_6, zot_1, zot_end,
          crypt_end, forest_end, elf_end, slime_end, tomb_end, abyss_end,
          pan_hell_end]

Skill      XL: |  1  2  3 |
---------------+----------+-----
Polearms       | 4 5 7 |  7.2
Fighting       | 4 5 6 |  6.0
Armour         | 4 5 6 |  6.0
Shields        | |  3.6

Action                     |  1- 3 |  4- 6 || total
---------------------------+-------+-------++-------
  Melee: Trident           |    33 |       ||    33
         Headbutt          |     3 |       ||     3
         Halberd           |       |     3 ||     3
 Armour: Scale mail        |    13 |     4 ||    17
  Dodge: Dodged            |    10 |       ||    10
  Block: Buckler           |     8 |       ||     8
